 Dungeon Crawl Stone Soup version 0.20.1-1-g8b1a95d (webtiles) character file.

2638 Fandomethor the Cleaver (level 9, -1/74 HPs)
             Began as a Minotaur Berserker on Sept 29, 2017.
             Was a High Priest of Trog.
             Slain by a sky beast (6 damage)
             ... on level 7 of the Dungeon.
             The game lasted 00:17:41 (5371 turns).

Fandomethor the Cleaver (Minotaur Berserker)        Turns: 5371, Time: 00:17:41

Health: -1/74      AC:  8    Str: 22    XL:     9   Next: 35%
Magic:  8/8        EV: 12    Int:  5    God:    Trog [*****.]
Gold:   160        SH:  0    Dex: 12    Spells: 8/8 levels left

rFire    . . .     SeeInvis .   K - +1 hand axe (flame)
rCold    . . .     Gourm    .   (no shield)
rNeg     . . .     Faith    .   x - +0 ring mail
rPois    .         Spirit   .   (helmet restricted)
rElec    .         Reflect  .   u - +0 cloak
rCorr    .         Harm     .   v - +0 pair of gloves
MR       .....                  (no boots)
Stlth    +.........             B - amulet of magic regeneration
Regen    0.3/turn               y - ring of stealth
MPRegen  0.2/turn               D - ring of loudness

@: no status effects
A: retaliatory headbutt, horns 2
a: Berserk, Trog's Hand, Brothers in Arms, Burn Spellbooks, Renounce Religion


You were on level 7 of the Dungeon.
You worshipped Trog.
Trog was extremely pleased with you.
You were not hungry.

You visited 1 branch of the dungeon, and saw 7 of its levels.

You collected 286 gold pieces.
You spent 126 gold pieces at shops.

Inventory:

Hand Weapons
 h - a +0 mace of crushing
 I - a +0 antimagic spear
 K - a +1 hand axe of flaming (weapon)
Missiles
 t - 134 arrows
 w - 46 bolts
Armour
 u - a +0 cloak (worn)
 v - a +0 pair of gloves (worn)
 x - a +0 ring mail (worn)
 E - a +0 chain mail
Jewellery
 y - a ring of stealth (left hand)
 B - an amulet of magic regeneration (around neck)
 C - an uncursed ring of stealth
 D - a ring of loudness (right hand)
Scrolls
 a - a scroll of fear {unknown}
 b - a scroll of identify
 g - 3 scrolls of fog
 k - 5 scrolls of remove curse
 l - a scroll of random uselessness {unknown}
 n - 2 scrolls of enchant weapon
 r - 2 scrolls of magic mapping
 s - a scroll of recharging {unknown}
 A - 2 scrolls of teleportation
 G - a scroll of enchant armour {unknown}
Potions
 e - a potion of haste
 j - 5 potions of curing
 o - a potion of cancellation {unknown}
 q - 2 potions of flight {unknown}
 z - 2 potions of agility {unknown}
 H - a potion of invisibility {unknown}
Comestibles
 c - 2 bread rations
 d - 6 chunks of flesh
 i - a royal jelly
 m - 4 fruits
 p - 2 meat rations


   Skills:
 - Level 5.0 Fighting
 * Level 13.7 Axes
 - Level 5.3 Armour
 - Level 2.9 Dodging
 - Level 0.3 Stealth


You had 8 spell levels left.
You didn't know any spells.

Dungeon Overview and Level Annotations

Branches:
Dungeon (7/15)             Temple (0/1) D:7

Altars:
Cheibriados
Gozag
Hepliaklqana
Qazlal
Sif Muna
Trog
Yredelemnul
The Shining One

Shops:
D:5 }**


Innate Abilities, Weirdness & Mutations

You reflexively headbutt those who attack you in melee.
You have a pair of horns on your head.


Message History

Deactivating autopickup; reactivate with Ctrl-A.
Found a staircase to the Ecumenical Temple.
You are no longer corroded.
You slash the jelly! You burn the jelly.
You kill the jelly!
Trog accepts your kill.
You closely miss something. You headbutt something! You hit something.
You burn something. Your headbutt misses something. Something hits you.
* * * LOW HITPOINT WARNING * * *
Something shocks you.
* * * LOW HITPOINT WARNING * * *
You barely miss something. You miss something. Your headbutt misses something.
Something hits you but does no damage.
You hit something. You burn something. Your headbutt misses something.
Something hits you.
* * * LOW HITPOINT WARNING * * *
Something shocks you.
You die...

#...... ##......
#....... #.......
#....... #...##..
#..(##..
###############)##..
#..@{..........)....
#..#..#..#..#.).....
#...................
#>..................
#...................
#..#..#..#..#.......
#...................
###############.....
.....


There were no monsters in sight!

Vanquished Creatures
  Grinder (D:4)
  Prince Ribbit (D:6)
  Eustachio (D:6)
  Menkaure (D:5)
  A water moccasin (D:6)
  2 orc warriors
  2 eyes of draining (D:5)
  3 phantoms
  A bullfrog (D:6)
  A wyvern zombie (D:6)
  A jelly (D:7)
  4 howler monkeys
  2 crimson imps
  5 hounds
  Crazy Yiuf (D:2)
  5 orc priests
  2 iguanas (D:6)
  An orc wizard (D:7)
  Natasha (twice) (D:2)
  5 worker ants
  A hound skeleton (D:5)
  A mummy (D:4)
  A worker ant zombie (D:6)
  11 adders
  A shadow imp (D:6)
  3 worms
  2 dart slugs
  5 leopard geckos
  33 orcs
  6 giant cockroaches
  9 goblins
  9 hobgoblins
  4 jackals (D:7)
  4 ball pythons
  6 bats
  5 frilled lizards
  A jackal skeleton (D:5)
  3 kobolds (D:1)
  4 orc zombies (D:4)
  A quokka skeleton (D:4)
  9 rats
161 creatures vanquished.

Notes
Turn   | Place    | Note
-------+----------+-------------------------------------------
     0 | D:1      | Fandomethor the Minotaur Berserker began the quest for the Orb.
     0 | D:1      | Reached XP level 1. HP: 19/19 MP: 0/0
    78 | D:1      | Reached skill level 4 in Axes
    81 | D:1      | Reached XP level 2. HP: 22/27 MP: 1/1
   398 | D:1      | Reached XP level 3. HP: 26/33 MP: 2/2
   489 | D:1      | Reached ** piety under Trog
   567 | D:2      | Noticed Natasha
   587 | D:2      | Killed Natasha
   812 | D:2      | Noticed Natasha
   822 | D:2      | Killed Natasha
   822 | D:2      | Reached skill level 5 in Axes
   822 | D:2      | Reached XP level 4. HP: 41/41 MP: 3/3
  1197 | D:2      | Found a runed door.
  1564 | D:2      | Noticed Crazy Yiuf
  1568 | D:2      | Killed Crazy Yiuf
  1568 | D:2      | Reached XP level 5. HP: 47/47 MP: 4/4
  1733 | D:3      | Reached skill level 5 in Fighting
  2412 | D:4      | Reached XP level 6. HP: 45/56 MP: 5/5
  2425 | D:4      | Reached skill level 5 in Armour
  2437 | D:4      | Reached *** piety under Trog
  2449 | D:4      | Reached skill level 6 in Axes
  2638 | D:4      | Noticed Grinder
  2650 | D:4      | Killed Grinder
  2650 | D:4      | Reached skill level 7 in Axes
  2650 | D:4      | Reached XP level 7. HP: 46/61 MP: 6/6
  3043 | D:4      | Reached skill level 8 in Axes
  3190 | D:5      | Entered Level 5 of the Dungeon
  3300 | D:5      | Reached skill level 9 in Axes
  3327 | D:5      | Found Dueteemp's General Store.
  3406 | D:5      | Found a deep blue altar of Sif Muna.
  3511 | D:5      | Noticed Menkaure
  3516 | D:5      | Killed Menkaure
  3516 | D:5      | Reached skill level 10 in Axes
  3516 | D:5      | Reached XP level 8. HP: 64/68 MP: 7/7
  3646 | D:5      | Found a bloodstained altar of Trog.
  3674 | D:5      | Reached skill level 11 in Axes
  3740 | D:5      | Found Ceoh's General Store.
  3754 | D:5      | Bought a scroll of teleportation for 36 gold pieces
  3754 | D:5      | Bought a scroll of amnesia for 42 gold pieces
  3754 | D:5      | Bought a potion of brilliance for 48 gold pieces
  3815 | D:5      | Found Zotewkei's Gadget Shoppe.
  4077 | D:6      | Found a stormy altar of Qazlal.
  4079 | D:6      | Reached **** piety under Trog
  4151 | D:6      | Reached skill level 12 in Axes
  4154 | D:6      | Found a bloodstained altar of Trog.
  4467 | D:6      | Noticed Prince Ribbit
  4478 | D:6      | Killed Prince Ribbit
  4478 | D:6      | Reached XP level 9. HP: 67/74 MP: 8/8
  4730 | D:6      | Reached skill level 13 in Axes
  4990 | D:6      | Noticed Eustachio
  5006 | D:6      | Killed Eustachio
  5066 | D:6      | Found a hazy altar of Hepliaklqana.
  5066 | D:6      | Found a snail-covered altar of Cheibriados.
  5071 | D:6      | Found an opulent altar of Gozag.
  5073 | D:6      | Found a glowing golden altar of the Shining One.
  5075 | D:6      | Found a basalt altar of Yredelemnul.
  5250 | D:7      | Reached ***** piety under Trog
  5332 | D:7      | HP: 2/74 [acid (7)]
  5359 | D:7      | Found a staircase to the Ecumenical Temple.
  5371 | D:7      | Slain by a sky beast

Skill      XL: |  1  2  3  4  5  6  7  8  9 |
---------------+----------------------------+-----
Axes           | 4 5 7 10 12 13 | 13.7
Fighting       | 4 5 |  5.0
Armour         | 4 5 |  5.3
Dodging        | |  2.9
Stealth        | |  0.3

Action                   |  1- 3 |  4- 6 |  7- 9 || total
-------------------------+-------+-------+-------++-------
Melee: Hand axe          |    72 |   158 |   200 ||   430
       Headbutt          |    13 |    24 |    49 ||    86
       War axe           |       |       |    81 ||    81
Invok: Berserk           |     2 |     4 |     3 ||     9
       Trog's Hand       |     1 |       |       ||     1
  Use: Scroll            |       |       |     7 ||     7
       Potion            |       |       |     1 ||     1
  Eat: Chunk             |     1 |    10 |    12 ||    23
Armor: Animal skin       |    16 |    11 |       ||    27
       Ring mail         |       |    44 |    56 ||   100
Dodge: Dodged            |    57 |    92 |   127 ||   276
